 Dungeon Crawl Stone Soup version 0.31.0-12-g77e489cdc1 (webtiles) character file.

Game seed: 15938614189205640256

61 sking99 the Magician (level 4, -4/32 HPs)
             Began as a Djinni Alchemist on Feb 20, 2024.
             Was an Initiate of Fedhas.
             Slain by an orc
             ... wielding a +0 trident
              (5 damage)
             ... on level 3 of the Dungeon.
             The game lasted 00:05:16 (2048 turns).

sking99 the Magician (Djinni Alchemist)             Turns: 2048, Time: 00:05:16

Health: -4/32      AC:  2    Str:  9    XL:     4   Next: 27%
Gold:   201        EV: 13    Int: 16    God:    Fedhas [......] SH:  5 Dex: 14

rFire   + + .        c - +0 whip
rCold   x . .        (no shield)
rNeg    . . .        a - +0 robe
rPois   ∞            (no helmet)
rElec   .            (no cloak)
rCorr   .            (no gloves)
SInv    .            (boots unavailable)
Will    .....        k - amulet of reflection
Stlth   ++           (no ring)
HPRegen 0.25/turn    (no ring)
MPRegen 0.00/turn

%: reflection, infuse magic (-5 HP)
@: flying
A: sickness immunity, fire resistance 2, cold vulnerability 1, float, innate
caster, HP casting, extra vitality 1
a: Renounce Religion


You were on level 3 of the Dungeon.
You worshipped Fedhas.
Fedhas was noncommittal.
You visited 1 branch of the dungeon, and saw 3 of its levels.

You collected 201 gold pieces.

Inventory:

Hand Weapons
 c - a +0 whip (weapon)
Armour
 a - a +0 robe (worn)
Jewellery
 k - an amulet of reflection (around neck)
Talismans
 h - a maw talisman
Wands
 i - a wand of light (7)
Scrolls
 b - 5 scrolls of identify {unknown}
 d - 2 scrolls of blinking {unknown}
 e - a scroll of amnesia {unknown}
 f - a scroll of revelation {unknown}
 m - a scroll of fog {unknown}
Potions
 g - a potion of enlightenment {unknown}
 j - a potion of curing {unknown}
 l - a potion of brilliance {unknown}
 n - a potion of heal wounds {unknown}


   Skills:
 + Level 1.5 Fighting
 + Level 3.0 Dodging
 - Level 1.5 Stealth
 * Level 3.7 Spellcasting
 * Level 3.7 Conjurations
 * Level 3.7 Hexes
   Level 0.0 Charms
 * Level 3.7 Summonings
 * Level 3.7 Necromancy
 * Level 3.7 Translocations
   Level 0.0 Transmutations
 * Level 3.7 Fire Magic
 * Level 3.7 Ice Magic
 * Level 3.7 Air Magic
 * Level 3.7 Earth Magic
 * Level 3.7 Alchemy


You knew the following spells:

 Your Spells              Type           Power      Damage    Failure   Level
a - Sting                 Conj/Alch      56%        1d6       3%          1
b - Mercury Vapours       Alch/Air       28%        N/A       6%          2
c - Mephitic Cloud        Conj/Alch/Air  14%        N/A       12%         3
d - Olgreb's Toxic Radia  Alch           14%        N/A       36%         4
e - Sticky Flame          Fire/Alch      14%        2d5       36%         4
f - Foxfire               Conj/Fire      56%        2x1d6     3%          1
Your spell library was empty.

Dungeon Overview and Level Annotations

Branches:
Dungeon (3/15)

Altars:
Fedhas


Innate Abilities, Weirdness & Mutations

You are immune to sickness and miasma.
You are immune to poison.
Your flesh is very heat resistant. (rF++)
You are vulnerable to cold. (rC-)
You float through the air rather than walking.
You learn spells naturally, not from books.
Your magical power is your life essence.
You have superior vitality. (+4 MHP)


Message History

You start waiting.
Done waiting.
Unknown command.
Found a kite shield.
There is a stone staircase leading down here.
An orc comes into view. It is wielding a +0 trident.
Found a scroll labelled SAAKID FIADAU.
You see here a +0 kite shield.
An orc is nearby!
The orc hits you from afar with a +0 trident.
The orc hits you with a +0 trident. The orc hits you with a +0 trident.
The orc closely misses you. The orc barely misses you.
The orc hits you with a +0 trident. The orc closely misses you.
The orc hits you with a +0 trident. You block the orc's attack.
The orc barely misses you. The orc hits you with a +0 trident.
The orc completely misses you. You block the orc's attack.
The orc barely misses you. The orc barely misses you.
The orc closely misses you. The orc hits you with a +0 trident!
* * * LOW HITPOINT WARNING * * *
The orc misses you. The orc barely misses you.
The orc hits you with a +0 trident!
* * * LOW HITPOINT WARNING * * *
You block the orc's attack. The orc closely misses you.
The orc hits you with a +0 trident.
* * * LOW HITPOINT WARNING * * *
The orc barely misses you. The orc completely misses you.
The orc hits you with a +0 trident.
You die...
Fedhas appreciates your contribution to the ecosystem.

#w# .# #.# #.#
#.# #.### #.# #.#
#.... #.# #.#
##### #.#####.#
#.##>...#
#########?##.####
....?.o@..##.#
#########
##........##.#
#.......#
########[##.#
#.#####.. #.##.#
#.# ### #>##.#
#.# #.##.# #.#
#### #.##.# #.#
#... #.##(###.#
#.## #.##.##..#
#.##


You could see an orc.

Vanquished Creatures
  Natasha (D:3)
  2 dart slugs
  3 bats (D:2)
  2 endoplasms (D:2)
  2 goblins (D:2)
  4 hobgoblins
  2 jackals (D:2)
  5 kobolds
  3 quokkas (D:2)
  2 frilled lizards
  4 rats
30 creatures vanquished.

Notes
Turn   | Place    | Note
-------+----------+-------------------------------------------
     0 | D:1      | sking99 the Djinni Alchemist began the quest for the Orb.
     0 | D:1      | sking99 set off with the following spells memorised: Sting,
                  | Mercury Vapours, Mephitic Cloud, Olgreb's Toxic Radiance,
                  | Sticky Flame.
     0 | D:1      | Reached XP level 1. HP: 15/15 MP: 0/0
   211 | D:1      | Reached XP level 2. HP: 20/22 MP: 0/0
   990 | D:2      | Reached skill level 1 in Fighting
   990 | D:2      | Reached XP level 3. HP: 27/27 MP: 0/0
   990 | D:2      | Learned a level 1 spell: Foxfire
  1563 | D:3      | Found a blossoming altar of Fedhas.
  1571 | D:3      | Became a worshipper of Fedhas Madash
  1745 | D:3      | Noticed Natasha
  1754 | D:3      | Killed Natasha
  1755 | D:3      | Reached XP level 4. HP: 4/32 MP: 0/0
  2042 | D:3      | HP: 1/32 [orc/+0 trident (8)]
  2048 | D:3      | Slain by an orc

Illustrated notes

Levels and vault maps discovered:
D:1:      minmay_arrival_up_and_down, layout_loops_ring
D:2:      layout_loops_ring
D:3:      layout_loops_ring, okawaru_metal_pillars_1_2,
          mainiacjoe_overflow_alcove_1, fedhas_ov_isle_minmay,
          ebering_ghost_sewer_d, minivault_5, minmay_bisected, uniq_natasha

Skill      XL: |  1  2  3 |
---------------+----------+-----
Fighting       | 1 |  1.5
Dodging        | 3 |  3.0
Stealth        | |  1.5
Spellcasting   | |  3.7
Conjurations   | |  3.7
Hexes          | |  3.7
Summonings     | |  3.7
Necromancy     | |  3.7
Translocations | |  3.7
Fire Magic     | |  3.7
Ice Magic      | |  3.7
Air Magic      | |  3.7
Earth Magic    | |  3.7
Alchemy        | |  3.7

Action                     |  1- 3 |  4- 6 || total
---------------------------+-------+-------++-------
   Cast: Sting             |    66 |     2 ||    68
         Mercury Vapours   |       |     2 ||     2
 Armour: Robe              |    14 |    11 ||    25
  Dodge: Dodged            |     8 |    13 ||    21
  Block: Other             |       |     3 ||     3
